 Dungeon Crawl Stone Soup version 0.17-a0-430-g8a98999 (webtiles) character file.

1216 MicroChasm the Basher (level 8, -4/66 HPs)
             Began as a Minotaur Berserker on Apr 3, 2015.
             Was an Elder of Trog.
             Slain by a troll (6 damage)
             ... on level 5 of the Dungeon.
             The game lasted 00:50:50 (5082 turns).

MicroChasm the Basher (Minotaur Berserker)          Turns: 5082, Time: 00:50:50

Health: -4/66      AC:  9    Str: 23    XL:     8   Next: 22%
Magic:  7/7        EV: 11    Int:  4    God:    Trog [****..]
Gold:   168        SH:  0    Dex: 11    Spells: 0 memorised, 7 levels left

rFire  x . .     SeeInvis .     m - +4 mace
rCold  + . .     Clarity  .     o - +0 ring mail
rNeg   . . .     SustAb   .     (no shield)
rPois  .         Gourm    .     (helmet restricted)
rElec  .         Spirit   .     (no cloak)
rCorr  .         Warding  .     (no gloves)
rMut   .         Stasis   .     f - +1 pair of boots
MR     .....                    (no amulet)
Stlth  +.........               q - ring of ice
                                d - ring of flight

@: not resistant to hostile enchantments, very unstealthy
A: retaliatory headbutt, horns 2
a: Burn Spellbooks, Berserk, Trog's Hand, Brothers in Arms, Renounce Religion,
Evoke Flight


You were on level 5 of the Dungeon.
You worshipped Trog.
Trog was greatly pleased with you.
You were not hungry.

You visited 2 branches of the dungeon, and saw 6 of its levels.

You collected 168 gold pieces.

Inventory:

Hand weapons
 a - a +0 mace
 h - a +0 giant club
 m - a +4 mace (weapon)
Armour
 b - a +0 animal skin
 f - a +1 pair of boots (worn)
 g - a +0 chain mail
 o - a +0 ring mail (worn)
Jewellery
 d - a ring of flight (left hand)
 q - a ring of ice (right hand)
Magical devices
 r - a wand of magic darts (16)
 s - a wand of magic darts (16)
Scrolls
 c - a scroll of fog
 i - 2 scrolls of random uselessness
 j - 3 scrolls of identify
 n - a scroll of enchant armour
Potions
 e - a potion of restore abilities
 k - a potion of magic
 l - a potion of poison {unknown}
 u - a potion of curing {unknown}
Comestibles
 p - a fruit


   Skills:
 - Level 4.1 Fighting
 + Level 9.3 Maces & Flails
 + Level 7.5 Armour
 - Level 2.5 Dodging
 + Level 2.0 Stealth


You had 7 spell levels left.
You didn't know any spells.

Dungeon Overview and Level Annotations

Branches:
Dungeon (5/15)             Temple (1/1) D:4

Altars:
Kikubaaqudgha
Okawaru
Ru
Trog
Yredelemnul


Innate Abilities, Weirdness & Mutations

You reflexively headbutt those who attack you in melee.
You have a pair of horns on your head.


Message History

You sock the troll! You headbutt the troll!
The troll is heavily wounded.
The troll bites you! The troll closely misses you. The troll claws you!
You sock the troll!
The troll is severely wounded.
The troll bites you! The troll claws you. The troll completely misses you.
You barely miss the troll.
The troll is severely wounded.
The troll bites you. The troll claws you.
The troll claws you but does no damage.
You hit the troll but do no damage.
The troll is severely wounded.
The troll barely misses you. The troll claws you!
* * * LOW HITPOINT WARNING * * *
The troll claws you!
* * * LOW HITPOINT WARNING * * *
You closely miss the troll.
The troll is severely wounded.
The troll barely misses you. The troll claws you.
You die...

#.###.## #.# #.# ## #.#
#..########*#.# #.# .# #.#
#..........,..# #..
.########.####.########*###* *###
...............#*##.....,,,***,,,
..#######.###..#*......#,,,**,,,,
..# #.# #..##.....#*,,,*,,,,, ..#
#.# #..#......#*,,,+,,,,, #.# #.#
#...@T..#***,,,*,,,,, .)# #.#
#..######* *,,,**,,,, ..# #.#
#..#**,,,***,,,***,,,
..#######'###..#*,,,,,**,,,* *###
.###.......##.)#,,,,,,,*,,,*###..
...+.......##.(#,,,,,,,+,,,*#....
.###.......##..#,,,,,,,#,,,##....
.# #.......##..#*,,,,,*#...#.....
.# #.......##..#**,,,**#........#


You could see a troll.

Vanquished Creatures
  Sigmund (D:4)
  A water moccasin (D:5)
  The ghost of asmilewithoutacat the Skirmisher, an average DrBe of Trog (D:4)
  A sky beast (D:5)
  3 ogres
  A centaur (D:5)
  A crimson imp (D:5)
  2 hounds (D:5)
  Crazy Yiuf (D:3)
  An orc wizard (D:5)
  A centaur skeleton (D:5)
  An iguana (D:4)
  A worker ant (D:4)
  Robin (D:3)
  7 adders
  A river rat (D:3)
  2 shadow imps (D:5)
  4 worms
  2 adder skeletons (D:4)
  An adder zombie (D:5)
  6 orcs
  A ball python (D:2)
  11 bats
  12 goblins
  14 hobgoblins
  12 jackals
  5 giant cockroaches
  3 giant newts
  6 kobolds
  A quokka zombie (D:5)
  13 rats
118 creatures vanquished.

Notes
Turn   | Place    | Note
--------------------------------------------------------------
     0 | D:1      | MicroChasm, the Minotaur Berserker, began the quest for the Orb.
     0 | D:1      | Reached XP level 1. HP: 19/19 MP: 0/0
   453 | D:1      | Reached XP level 2. HP: 24/27 MP: 1/1
   458 | D:1      | Reached skill level 4 in Fighting
   818 | D:2      | Reached XP level 3. HP: 17/33 MP: 2/2
   920 | D:2      | Acquired Trog's second power
  1800 | D:2      | Reached skill level 5 in Maces & Flails
  1800 | D:2      | Reached XP level 4. HP: 29/40 MP: 3/3
  1992 | D:3      | Noticed Robin
  2016 | D:3      | Killed Robin
  2069 | D:3      | Noticed an ogre
  2190 | D:3      | Killed an ogre
  2190 | D:3      | Reached skill level 6 in Maces & Flails
  2190 | D:3      | Reached skill level 1 in Stealth
  2190 | D:3      | Reached XP level 5. HP: 46/46 MP: 4/4
  2225 | D:3      | Noticed an ogre
  2231 | D:3      | Killed an ogre
  2231 | D:3      | Reached XP level 6. HP: 48/52 MP: 5/5
  2282 | D:3      | Noticed Crazy Yiuf
  2289 | D:3      | Killed Crazy Yiuf
  3137 | D:4      | Reached skill level 5 in Armour
  3214 | D:4      | Noticed asmilewithoutacat's ghost (average DrBe)
  3228 | D:4      | Killed asmilewithoutacat's ghost
  3228 | D:4      | Reached skill level 7 in Maces & Flails
  3425 | D:4      | Reached XP level 7. HP: 52/59 MP: 6/6
  3670 | D:4      | Noticed Sigmund
  3678 | D:4      | Killed Sigmund
  3783 | D:4      | Acquired Trog's third power
  3836 | D:4      | Found a staircase to the Ecumenical Temple.
  3842 | Temple   | Entered the Ecumenical Temple
  4069 | D:4      | Reached skill level 8 in Maces & Flails
  4118 | D:5      | Entered Level 5 of the Dungeon
  4251 | D:5      | Identified a scroll of acquirement
  4377 | D:5      | Reached XP level 8. HP: 66/66 MP: 7/7
  4394 | D:5      | Reached skill level 9 in Maces & Flails
  5074 | D:5      | Noticed a troll
  5081 | D:5      | HP: 1/66 [troll (12)]
  5082 | D:5      | Slain by a troll

Action                   |  1- 3 |  4- 6 |  7- 9 || total
-------------------------+-------+-------+-------++-------
Melee: Mace              |    64 |   117 |    82 ||   263
Invok: Berserk           |       |     1 |       ||     1
  Use: Scroll            |     4 |     7 |     7 ||    18
       Potion            |       |     5 |       ||     5
  Eat: Beef jerky        |     1 |       |     1 ||     2
       Bread ration      |       |     1 |       ||     1
       Meat ration       |       |     1 |       ||     1
       Fruit             |       |       |     2 ||     2
